[Event "Titled Tuesday Blitz April 19 Early 2022"]
[White "Cherniaiev, Tykhon"]
[Black "Alekseenko, Kirill"]
[WhiteFideId "14182360"]
[BlackFideId "4135539"]
[WhiteElo "2289"]
[BlackElo "2682"]
[Result "0-1"]
[Round "09"]
[TimeControl "180+1"]
[Date "2022.04.19"]
[WhiteClock "0:00:25"]
[BlackClock "0:00:54"]

1. Nf3 d5 2. c4 d4 3. b4 c5 4. e3 dxe3 5. fxe3 cxb4 6. d4 Nf6 7. Bd3 g6 8. O-O Bg7 9. Nbd2 O-O 10. a3 bxa3 11. Bxa3 Re8 12. Ne5 Nbd7 13. Ndf3 Qc7 14. Rb1 b6 15. Qa4 Bb7 16. Rb2 Bxf3 17. Nxf3 e5 18. Bb1 Ng4 19. Ng5 exd4 20. g3 dxe3 21. Rxf7 e2 22. Rxe2 Rxe2 23. Qxd7 Qxd7 24. Rxd7 Re1+ 25. Kg2 Rxb1 26. Ne6 Bf6 27. Rb7 Ne3+ 28. Kh3 Nxc4 29. Nc7 Rc8 30. Nd5 Bd8 31. Be7 Rf1 32. Bxd8 Rxd8 33. Ne7+ Kh8 34. Rxa7 Nd6 35. Nc6 Rc8 36. Ne5 Re8 37. Ng4 Rf7 38. Ra6 h5 39. Nh6 Rh7 40. Rxb6 Rd8 41. Kh4 Rxh6 42. Kg5 Nf7+ 43. Kf6 g5+ 44. Kxf7 Rxb6 45. Ke7 Ra8 46. Kf7 Ra7+ 47. Ke8 Rb8# 0-1


[Site "https://www.chess.com"]

[Event "Titled Tuesday Blitz April 19 Early 2022"]
[White "Chernobay, Artem"]
[Black "Nozdrachev, Leonid"]
[WhiteFideId "4167406"]
[BlackFideId "24113433"]
[WhiteElo "2473"]
[BlackElo "2242"]
[Result "0-1"]
[Round "09"]
[TimeControl "180+1"]
[Date "2022.04.19"]
[WhiteClock "0:00:14"]
[BlackClock "0:01:04"]

1. e4 d6 2. d4 Nf6 3. Nc3 e5 4. Nf3 Nbd7 5. Bc4 Be7 6. O-O O-O 7. a4 c6 8. Re1 Qc7 9. h3 Re8 10. a5 Nf8 11. dxe5 dxe5 12. Ng5 Ne6 13. Nxe6 Bxe6 14. Bxe6 fxe6 15. a6 b5 16. Qe2 Bc5 17. Be3 Qb6 18. Bxc5 Qxc5 19. Red1 Rad8 20. Rxd8 Rxd8 21. Rd1 Rd4 22. Rxd4 exd4 23. Nd1 Kf7 24. e5 Nd7 25. Qh5+ Kg8 26. Qe8+ Nf8 27. c3 Qxe5 28. Kf1 dxc3 29. Nxc3 b4 30. Ne2 Qxb2 31. f3 Qa1+ 32. Kf2 Qxa6 33. Nf4 Qc4 34. Kg3 b3 35. Qb8 a5 36. Qb7 Qb5 37. Qe7 b2 0-1


[Site "https://www.chess.com"]

[Event "Titled Tuesday Blitz April 19 Early 2022"]
[White "Chernomordik, Pavel"]
[Black "Liyanage, Ranindu Dilshan"]
[WhiteFideId "2804530"]
[BlackFideId "9915834"]
[WhiteElo "2220"]
[BlackElo "1858"]
[Result "0-1"]
[Round "09"]
[TimeControl "180+1"]
[Date "2022.04.19"]
[WhiteClock "0:00:02"]
[BlackClock "0:00:36"]

1. e4 c5 2. Nc3 d6 3. f4 Nc6 4. Nf3 g6 5. Bb5 Bg7 6. O-O Nf6 7. d3 O-O 8. Bxc6 bxc6 9. Qe1 Rb8 10. Qh4 e6 11. e5 Nd5 12. Qxd8 Rxd8 13. Ne4 dxe5 14. fxe5 Nb4 15. Bg5 Rd5 16. Rf2 Ba6 17. b3 h6 18. Be3 Nxc2 19. Rxc2 Bxd3 20. Rxc5 Bxe4 21. Rac1 Rd3 22. Kf2 Rbd8 23. Ra5 R3d5 24. Rxa7 Bxf3 25. Kxf3 Rxe5 26. Rxc6 Rxe3+ 27. Kxe3 Bd4+ 28. Ke4 Bxa7 29. Rc7 Bg1 30. a4 Rb8 31. Rc3 Kf8 32. a5 Ke7 0-1


[Site "https://www.chess.com"]

[Event "Titled Tuesday Blitz April 19 Early 2022"]
[White "Constantinou, Peter"]
[Black "Vokarev, Sergey"]
[WhiteFideId "413038"]
[BlackFideId "4119711"]
[WhiteElo "2230"]
[BlackElo "2343"]
[Result "1-0"]
[Round "09"]
[TimeControl "180+1"]
[Date "2022.04.19"]
[WhiteClock "0:00:17"]
[BlackClock "0:00:28"]

1. e4 c5 2. Nf3 Nc6 3. Bb5 g6 4. O-O Bg7 5. Bxc6 bxc6 6. c3 Nf6 7. Re1 O-O 8. d4 cxd4 9. cxd4 d5 10. e5 Ne4 11. Nbd2 Bf5 12. Nh4 Be6 13. Nb3 f6 14. f3 fxe5 15. fxe4 dxe4 16. dxe5 Qxd1 17. Rxd1 Bxe5 18. g3 Rad8 19. Be3 Bxb2 20. Rab1 Rxd1+ 21. Rxd1 Bg4 22. Rd2 Bf6 23. Ng2 g5 24. Bxa7 Ra8 25. Bc5 Be6 26. Ne3 Ra4 27. Kg2 h5 28. h3 Kf7 29. g4 hxg4 30. hxg4 Be5 31. Bd4 Bf4 32. Kf2 Kg6 33. Nc5 Rxa2 34. Rxa2 Bxa2 35. Nxe4 Be6 36. Kf3 Bb3 37. Bc5 e5 38. Nf2 Bd5+ 39. Ke2 Be6 40. Kf3 Bd5+ 41. Nxd5 cxd5 42. Nh3 Kf6 43. Nxf4 gxf4 44. Bb6 d4 45. Ke4 Ke6 46. Bc7 Kf6 47. Bxe5+ Kg5 48. Kf3 d3 49. Bc3 1-0


[Site "https://www.chess.com"]

[Event "Titled Tuesday Blitz April 19 Early 2022"]
[White "Costachi, Mihnea"]
[Black "Krsnik Cohar, Ivan Vihor"]
[WhiteFideId "1217518"]
[BlackFideId "14520044"]
[WhiteElo "2476"]
[BlackElo "2414"]
[Result "1-0"]
[Round "09"]
[TimeControl "180+1"]
[Date "2022.04.19"]
[WhiteClock "0:00:22"]
[BlackClock "0:00:19"]

1. d4 d5 2. c4 Bf5 3. Nc3 e6 4. Bf4 c6 5. e3 Qb6 6. Qd2 Nf6 7. Nf3 Ne4 8. Qc1 Qa5 9. Nd2 Nxc3 10. Qxc3 Qxc3 11. bxc3 Ba3 12. cxd5 exd5 13. g4 Bg6 14. e4 Bb2 15. Rb1 Bxc3 16. Rxb7 Bxe4 17. Rg1 O-O 18. Kd1 Bxd4 19. Nxe4 dxe4 20. Bc4 a5 21. Ke2 Na6 22. Rd1 c5 23. a3 Nb8 24. Rc7 Rd8 25. Rxf7 Kh8 26. Bg5 Re8 27. Bd5 Ra6 28. Rc7 Rd6 29. Bf7 Rf8 30. Be7 Rxf7 31. Rc8+ 1-0


[Site "https://www.chess.com"]

[Event "Titled Tuesday Blitz April 19 Early 2022"]
[White "Cunha, Lucas Aguiar"]
[Black "Sovetbekova, Nurai"]
[WhiteFideId "2125404"]
[BlackFideId "13801910"]
[WhiteElo "2361"]
[BlackElo "1538"]
[Result "1-0"]
[Round "09"]
[TimeControl "180+1"]
[Date "2022.04.19"]
[WhiteClock "0:00:55"]
[BlackClock "0:00:03"]

1. e4 c5 2. Nf3 d6 3. d4 cxd4 4. Qxd4 Nc6 5. Bb5 Bd7 6. Bxc6 Bxc6 7. Bg5 Qc7 8. Nc3 e5 9. Qd3 Be7 10. h4 h6 11. Bd2 Nf6 12. O-O-O a6 13. Kb1 b5 14. a3 Rb8 15. b4 a5 16. h5 axb4 17. axb4 Ng4 18. Qe2 Qb6 19. Rdf1 Ra8 20. Bc1 Bd7 21. Bb2 O-O 22. Nd5 Qd8 23. Nd2 Be6 24. Nb3 Bxd5 25. exd5 Nf6 26. Rd1 Qb6 27. f4 Nd7 28. fxe5 dxe5 29. d6 Bxd6 30. Qd2 Ra6 31. Rh3 Nf6 32. Rd3 Be7 33. Bxe5 Rfa8 34. Bd4 Qb7 35. Bc5 Bxc5 36. bxc5 Ne4 37. Rd8+ Kh7 38. Qe3 Rxd8 39. Rxd8 Nf6 40. Qd3+ g6 41. Qd4 Kg7 42. g4 Qh1+ 43. Kb2 Qg2 44. Rd6 Qf3 45. Rxa6 1-0


[Site "https://www.chess.com"]

[Event "Titled Tuesday Blitz April 19 Early 2022"]
[White "Dahlgren, James Allen"]
[Black "Karavaeva, Olga"]
[WhiteFideId "22256873"]
[BlackFideId "4124111"]
[WhiteElo "2096"]
[BlackElo "2105"]
[Result "0-1"]
[Round "09"]
[TimeControl "180+1"]
[Date "2022.04.19"]
[WhiteClock "0:00:07"]
[BlackClock "0:01:06"]

1. d3 d5 2. f4 d4 3. Nf3 c5 4. g3 Nc6 5. Bg2 Nf6 6. Nbd2 g6 7. O-O Bg7 8. h3 O-O 9. c4 dxc3 10. bxc3 Qc7 11. e4 e5 12. f5 gxf5 13. Nh4 fxe4 14. Nxe4 Nxe4 15. Bxe4 Bxh3 16. Qh5 f5 17. Bd5+ Rf7 18. Rxf5 Bxf5 19. Nxf5 Rd8 20. Bc4 Na5 21. Bh6 Nxc4 22. Bxg7 Rxg7 23. Nxg7 Qxg7 24. dxc4 Qxg3+ 25. Kh1 Kh8 26. Rg1 Qf4 27. Qf7 Qh6+ 28. Kg2 Rd2+ 29. Kf1 Qh3+ 30. Ke1 Qe3+ 31. Kf1 Qe2# 0-1


[Site "https://www.chess.com"]

[Event "Titled Tuesday Blitz April 19 Early 2022"]
[White "Dang, Hoang Son"]
[Black "Korchmar, Vasiliy"]
[WhiteFideId "12402435"]
[BlackFideId "24131750"]
[WhiteElo "2252"]
[BlackElo "2370"]
[Result "0-1"]
[Round "09"]
[TimeControl "180+1"]
[Date "2022.04.19"]
[WhiteClock "0:00:08"]
[BlackClock "0:01:17"]

1. d4 d5 2. Bf4 Nf6 3. e3 c5 4. Nf3 Nc6 5. Nbd2 cxd4 6. exd4 Qb6 7. Nb3 Bg4 8. Be2 e6 9. O-O Be7 10. c3 O-O 11. h3 Bh5 12. Nfd2 Bg6 13. Re1 h6 14. a4 a6 15. a5 Qd8 16. Nf1 Rc8 17. Bd3 Bxd3 18. Qxd3 Ne4 19. Nfd2 Nd6 20. Nc5 Nxa5 21. b4 Nac4 22. Nxc4 dxc4 23. Qf3 b6 24. Nxa6 Nb5 25. Re5 Qd7 26. d5 Bf6 27. dxe6 fxe6 28. Rd1 Qe8 29. Re3 Nxc3 30. Rd6 Qb5 31. Rdxe6 Qxa6 32. Bxh6 Qa1+ 33. Kh2 Be5+ 34. R6xe5 Rxf3 35. Rxf3 gxh6 36. Re7 Nd5 37. Rd7 Qe5+ 38. g3 c3 39. Rd3 c2 0-1


[Site "https://www.chess.com"]

[Event "Titled Tuesday Blitz April 19 Early 2022"]
[White "Dev, Shah"]
[Black "Lysyj, Igor"]
[WhiteFideId "35019058"]
[BlackFideId "4150120"]
[WhiteElo "2075"]
[BlackElo "2611"]
[Result "1-0"]
[Round "09"]
[TimeControl "180+1"]
[Date "2022.04.19"]
[WhiteClock "0:00:43"]
[BlackClock "0:01:13"]

1. d4 Nf6 2. c4 e6 3. g3 d5 4. Bg2 Be7 5. Nf3 O-O 6. O-O c6 7. Nc3 a5 8. Ne5 Nfd7 9. f4 Nf6 10. e3 b6 11. b3 Ba6 12. Re1 b5 13. c5 b4 14. Na4 Ne4 15. Nb6 Ra7 16. Bxe4 dxe4 17. Qc2 f6 18. Nec4 Bxc4 19. Qxc4 f5 20. Qxe6+ Kh8 21. Bb2 Bf6 22. Rad1 g6 23. Ba1 Qe8 24. Qxe8 Rxe8 25. Re2 Nd7 26. Nc4 a4 27. Nd6 Rea8 28. Bb2 axb3 29. axb3 Ra2 30. Rdd2 Kg8 31. Kg2 Be7 32. Nc4 Nf6 33. Nb6 R8a6 34. d5 Nxd5 35. Nxd5 cxd5 36. Rxd5 Rc6 37. Rd7 Kf8 38. Bg7+ Kxg7 39. Rxa2 1-0


[Site "https://www.chess.com"]

[Event "Titled Tuesday Blitz April 19 Early 2022"]
[White "Devaev, Alexander"]
[Black "Ljukin, Sergei"]
[WhiteFideId "4169395"]
[BlackFideId "14102200"]
[WhiteElo "2185"]
[BlackElo "2312"]
[Result "0-1"]
[Round "09"]
[TimeControl "180+1"]
[Date "2022.04.19"]
[WhiteClock "0:00:06"]
[BlackClock "0:01:12"]

1. d4 d5 2. c4 c6 3. Nf3 Nf6 4. Nc3 dxc4 5. a4 Bf5 6. e3 e6 7. Bxc4 Bb4 8. O-O Nbd7 9. Qb3 a5 10. Rd1 O-O 11. Bd2 Qe7 12. Rac1 e5 13. d5 Nc5 14. Qa2 Nd3 15. Bxd3 Bxd3 16. dxc6 bxc6 17. Nb1 Bd6 18. Rxc6 e4 19. Bc3 Ng4 20. h3 exf3 21. hxg4 Qh4 22. Rxd6 Qxg4 0-1


[Site "https://www.chess.com"]

[Event "Titled Tuesday Blitz April 19 Early 2022"]
[White "Dobre, Claudiu-Cristian"]
[Black "Zor, Alber Kadir"]
[WhiteFideId "1211854"]
[BlackFideId "6353169"]
[WhiteElo "2207"]
[BlackElo "1966"]
[Result "1/2-1/2"]
[Round "09"]
[TimeControl "180+1"]
[Date "2022.04.19"]
[WhiteClock "0:00:14"]
[BlackClock "0:00:20"]

1. c4 e5 2. Nc3 Bb4 3. Qc2 Nf6 4. Nf3 Nc6 5. e3 Qe7 6. Ne4 O-O 7. a3 Nxe4 8. Qxe4 Bd6 9. b4 Qe6 10. c5 Be7 11. Bc4 Qg6 12. Qxg6 hxg6 13. h4 Bf6 14. Ng5 d6 15. cxd6 cxd6 16. Bb2 Ne7 17. Ne4 d5 18. Nxf6+ gxf6 19. Bb3 Kg7 20. f4 exf4 21. exf4 Bg4 22. Kf2 Rad8 23. Bd4 Nc6 24. Bc5 Rfe8 25. Rhe1 b6 26. Ba4 Rxe1 27. Rxe1 bxc5 28. Bxc6 cxb4 29. axb4 Be6 30. b5 Rc8 31. Ra1 Rc7 32. d4 Bd7 33. Ra6 Bxc6 34. bxc6 Kf8 35. f5 Ke7 36. g4 Kd6 37. h5 gxh5 38. gxh5 Ke7 39. h6 Kf8 40. Ra5 Rxc6 41. Rxa7 Kg8 42. Rd7 Rc2+ 43. Ke3 Rc3+ 44. Ke2 Rh3 45. Rxd5 Rh2+ 46. Kf3 Rh3+ 47. Kg4 Rxh6 48. Rd8+ Kg7 49. d5 Rh1 50. Ra8 Rd1 51. Ra5 Rd4+ 52. Kf3 Kh6 53. Ke3 Rd1 54. Ra7 Kg5 55. Rxf7 Rxd5 56. Rg7+ Kxf5 57. Ra7 Rb5 58. Kf2 Rb3 59. Ra4 Kg5 60. Rc4 f5 61. Ra4 Rc3 62. Rb4 Rc2+ 63. Kf3 Rc3+ 64. Kf2 Rc6 65. Ra4 Rh6 66. Rb4 Rh3 67. Kg2 Rd3 68. Kf2 f4 69. Rb8 Rd2+ 70. Kf3 Rd3+ 71. Kf2 Rd5 72. Rg8+ Kf5 73. Rf8+ Ke4 74. Re8+ Kd4 75. Rf8 Ke4 76. Re8+ Re5 77. Rxe5+ Kxe5 78. Kf3 Kf5 79. Kf2 Kg4 80. Kg2 f3+ 81. Kf2 Kf4 82. Kf1 Ke5 83. Kf2 Ke4 84. Kf1 Kd3 85. Kf2 Ke4 86. Kf1 Ke3 87. Ke1 f2+ 88. Kf1 Kf3 1/2-1/2


[Site "https://www.chess.com"]

[Event "Titled Tuesday Blitz April 19 Early 2022"]
[White "Wagner, Dinara"]
[Black "Csonka, Balazs"]
[WhiteFideId "24157570"]
[BlackFideId "742910"]
[WhiteElo "2216"]
[BlackElo "2404"]
[Result "0-1"]
[Round "09"]
[TimeControl "180+1"]
[Date "2022.04.19"]
[WhiteClock "0:00:08"]
[BlackClock "0:00:08"]

1. d4 Nf6 2. c4 e6 3. Nf3 d5 4. g3 dxc4 5. Bg2 Nc6 6. Qa4 Bb4+ 7. Bd2 Nd5 8. Bxb4 Nxb4 9. Na3 O-O 10. O-O Rb8 11. Qb5 b6 12. Qxc4 Ba6 13. Nb5 Qd5 14. Qxd5 exd5 15. a4 Na5 16. Nxc7 Bxe2 17. Rfe1 Bxf3 18. Bxf3 Nc2 19. Nxd5 Nxa1 20. Rxa1 Rfe8 21. Rd1 Rbd8 22. Nc7 Re7 23. Nb5 Nc4 24. b3 Nd6 25. Nc3 Rc7 26. Nd5 Rc2 27. Rd3 Nf5 28. Be4 Nd6 29. Bf3 Kf8 30. Kg2 Rb2 31. Nb4 Nf5 32. Nc6 Rd6 33. d5 a5 34. Na7 Rf6 35. Nb5 Nd6 36. Nd4 g5 37. g4 h5 38. h3 hxg4 39. hxg4 Rf4 40. Nc6 Ke8 41. Re3+ Kf8 42. Kg3 f5 43. Ne5 fxg4 44. Bxg4 Ne4+ 45. Kh3 Nxf2+ 46. Kg3 Nxg4 47. Nxg4 Rd4 48. Re5 Rxb3+ 49. Ne3 Rxa4 50. Kf2 Rd3 51. Rxg5 Re4 52. Rf5+ Ke7 53. Nc4 Rxc4 54. d6+ Kd7 55. Rf6 Kc6 56. d7+ Kxd7 57. Rxb6 Rdd4 58. Rb7+ Kc6 59. Ra7 a4 60. Ra6+ Kb5 61. Ra8 Kb4 62. Rb8+ Ka3 63. Ke3 Rb4 64. Rc8 Rdc4 65. Ra8 Rb3+ 66. Kd2 Rcc3 67. Kd1 Rc4 68. Kd2 Ka2 69. Rh8 a3 70. Rh2 Rb2+ 71. Kd3 Rxh2 72. Kxc4 Kb2 73. Kb4 a2 74. Kb5 a1=Q 75. Kc4 Qa3 0-1


[Site "https://www.chess.com"]

[Event "Titled Tuesday Blitz April 19 Early 2022"]
[White "Dubov, Daniil"]
[Black "Jaracz, Pawel"]
[WhiteFideId "24126055"]
[BlackFideId "1102222"]
[WhiteElo "2791"]
[BlackElo "2429"]
[Result "0-1"]
[Round "09"]
[TimeControl "180+1"]
[Date "2022.04.19"]
[WhiteClock "0:00:14"]
[BlackClock "0:00:09"]

1. e4 c5 2. Nf3 Nc6 3. Nc3 e6 4. d4 cxd4 5. Nxd4 Qc7 6. g3 a6 7. Bg2 d6 8. O-O Be7 9. Nce2 Nf6 10. c4 O-O 11. b3 Ne5 12. Bb2 Rb8 13. Rc1 b6 14. h3 Bb7 15. Nc3 Rbc8 16. f4 Rfd8 17. Nd5 exd5 18. cxd5 Qb8 19. fxe5 Rxc1 20. Qxc1 dxe5 21. Nf5 Bc5+ 22. Kh1 Ne8 23. Qg5 f6 24. Qg4 Bc8 25. Qf3 Bxf5 26. Qxf5 Nd6 27. Qg4 Qc8 28. Qf3 Bd4 29. Bc1 Qc2 30. Be3 Bxe3 31. Qxe3 Qc5 32. Qe2 b5 33. h4 Qc3 34. Kh2 Rc8 35. Qg4 Qc7 36. Rxf6 Re8 37. Rf2 Kh8 38. Qe2 Qe7 39. h5 Rf8 40. Bh3 h6 41. Rxf8+ Qxf8 42. Bg2 Qf6 43. Qf3 Qxf3 44. Bxf3 b4 45. Kg2 a5 46. Kf2 Kg8 47. Ke3 Kf7 48. Bg4 Kf6 49. Bd7 Kg5 50. g4 Kh4 51. Kf3 Kg5 52. Bc6 g6 53. hxg6 Kxg6 54. Bd7 Kg5 55. Bc6 Kh4 56. Ba4 Kg5 57. Bc6 h5 58. gxh5 Kxh5 59. Bd7 Kh4 60. Ke3 Kg3 61. Bf5 Nb5 62. Kd3 Nd6 63. Be6 Kf4 64. Bf5 Kf3 65. Bg6 Kf4 66. Bh7 Kf3 67. Bg6 Kf4 68. Ke2 Kg3 69. Ke3 Nb5 70. Bf5 Nd6 71. Bg6 Kg4 72. Ke2 Kf4 73. Bf5 Kg3 74. Ke3 Nb5 75. Ke2 Nd6 76. Kd2 Nb5 77. Kc2 Nd6 78. a4 Kf4 79. Kd3 Kg3 80. Ke3 Nb7 81. Ke2 Nd6 82. Kf1 Kf4 83. Ke2 Nxf5 84. exf5 Kxf5 85. Ke3 e4 86. Kd4 Kf4 87. d6 e3 88. d7 e2 89. d8=Q e1=Q 90. Qf6+ Kg3 91. Qe5+ Qxe5+ 92. Kxe5 Kf3 93. Kd4 Ke2 94. Kc4 Kd2 95. Kb5 Kc3 96. Kxa5 Kxb3 97. Kb5 Kc3 98. a5 b3 99. a6 b2 100. Kc6 b1=Q 101. a7 Qe4+ 102. Kc7 Qa8 103. Kb6 Kb4 104. Ka6 Kc5 105. Ka5 Qxa7# 0-1


[Site "https://www.chess.com"]

[Event "Titled Tuesday Blitz April 19 Early 2022"]
[White "Fedoseev, Vladimir"]
[Black "Xu, Yi"]
[WhiteFideId "24130737"]
[BlackFideId "8605564"]
[WhiteElo "2726"]
[BlackElo "2471"]
[Result "1-0"]
[Round "09"]
[TimeControl "180+1"]
[Date "2022.04.19"]
[WhiteClock "0:00:21"]
[BlackClock "0:00:03"]

1. d4 Nf6 2. c4 e6 3. Nc3 Bb4 4. Qc2 d5 5. cxd5 exd5 6. Bg5 h6 7. Bh4 g5 8. Bg3 Nc6 9. e3 Ne4 10. Bb5 Bf5 11. Qb3 Bxc3+ 12. bxc3 Qd7 13. Nf3 f6 14. c4 Be6 15. O-O a6 16. Bxc6 Qxc6 17. cxd5 Bxd5 18. Qa3 Nxg3 19. hxg3 Bxf3 20. gxf3 Qxf3 21. Rfc1 O-O-O 22. Rc5 Rd7 23. Rac1 h5 24. Qa5 Rhh7 25. Rf5 Qe4 26. Rxf6 Rh8 27. Qxg5 h4 28. Rf4 Qe6 29. Rxh4 Rdh7 30. d5 Qd7 31. Rcc4 b5 32. Rcf4 Kb7 33. Kg2 Rxh4 34. Rxh4 Rd8 35. e4 b4 36. Rh6 a5 37. Qf6 Re8 38. Qa6+ Kb8 39. Qxa5 Rxe4 40. Ra6 Re2 41. Ra8+ Kb7 42. Qa6# 1-0


[Site "https://www.chess.com"]

[Event "Titled Tuesday Blitz April 19 Early 2022"]
[White "Fernandez Siles, Luis"]
[Black "Czerw, Dawid"]
[WhiteFideId "2209420"]
[BlackFideId "1145746"]
[WhiteElo "2212"]
[BlackElo "2125"]
[Result "1/2-1/2"]
[Round "09"]
[TimeControl "180+1"]
[Date "2022.04.19"]
[WhiteClock "0:00:32"]
[BlackClock "0:00:01"]

1. e4 c5 2. c3 d5 3. exd5 Qxd5 4. d4 Nf6 5. Nf3 e6 6. a3 Be7 7. Be3 cxd4 8. cxd4 O-O 9. Nc3 Qd6 10. Bd3 Nc6 11. O-O b6 12. Qe2 Bb7 13. Rad1 Rac8 14. Rfe1 Rfd8 15. Bb1 Bf8 16. Bg5 h6 17. Bxf6 gxf6 18. Qe4 f5 19. Qh4 Ne7 20. Ne5 Bg7 21. Qh5 Rf8 22. Re3 Rxc3 23. bxc3 Nd5 24. Rg3 Nf4 25. Rxg7+ Kxg7 26. Qh4 Nxg2 27. Qg3+ Kh7 28. Nd3 Qc6 29. Ne5 Qc7 30. Nd3 Qc6 31. Ne5 Qc7 32. Nd3 Qc6 1/2-1/2


[Site "https://www.chess.com"]

[Event "Titled Tuesday Blitz April 19 Early 2022"]
[White "Gatterer, Florian"]
[Black "Dauner, Benedikt"]
[WhiteFideId "811688"]
[BlackFideId "16225899"]
[WhiteElo "2218"]
[BlackElo "2230"]
[Result "0-1"]
[Round "09"]
[TimeControl "180+1"]
[Date "2022.04.19"]
[WhiteClock "0:01:52"]
[BlackClock "0:00:56"]

1. f4 e5 2. fxe5 d6 3. exd6 Bxd6 4. Nf3 Nf6 5. d4 Ng4 6. g3 h5 7. Bg5 f6 8. Bf4 h4 9. Bg2 Bxf4 10. gxf4 Ne3 11. Qd2 Nxg2+ 12. Kf2 h3 13. Nc3 Nc6 14. e4 Bg4 15. d5 Bxf3 16. Kxf3 Qd7 17. Qf2 Rh4 18. Ne2 Qg4# 0-1


[Site "https://www.chess.com"]

[Event "Titled Tuesday Blitz April 19 Early 2022"]
[White "Goryachkina, Aleksandra"]
[Black "Sanal, Vahap"]
[WhiteFideId "4147103"]
[BlackFideId "6300545"]
[WhiteElo "2426"]
[BlackElo "2603"]
[Result "0-1"]
[Round "09"]
[TimeControl "180+1"]
[Date "2022.04.19"]
[WhiteClock "0:00:04"]
[BlackClock "0:01:48"]

1. e4 e5 2. Nf3 Nc6 3. d4 exd4 4. Bc4 Bc5 5. Ng5 Nh6 6. Nxf7 Nxf7 7. Bxf7+ Kxf7 8. Qh5+ g6 9. Qxc5 d6 10. Qc4+ Be6 11. Qe2 Kg7 12. O-O Rf8 13. c3 Qh4 14. f4 Rae8 15. cxd4 Nxd4 16. Qd3 c5 17. Nc3 Qe7 18. Be3 Nc6 19. Rad1 Rd8 20. a3 Kg8 21. Nd5 Qf7 22. h3 a6 23. g4 Bxd5 24. Qxd5 Qxd5 25. Rxd5 Rfe8 26. Rfd1 Rxe4 27. Bxc5 Rxf4 28. Bxd6 Rc4 29. Bf4 Rxd5 0-1


[Site "https://www.chess.com"]

[Event "Titled Tuesday Blitz April 19 Early 2022"]
[White "Gracia Alvarez, Gerardo Antonio"]
[Black "Wieczorek, Oskar"]
[WhiteFideId "5109124"]
[BlackFideId "1133950"]
[WhiteElo "2139"]
[BlackElo "2319"]
[Result "0-1"]
[Round "09"]
[TimeControl "180+1"]
[Date "2022.04.19"]
[WhiteClock "0:00:07"]
[BlackClock "0:00:29"]

1. e4 c5 2. Nc3 g6 3. d4 Bg7 4. dxc5 Qa5 5. Bd2 Qxc5 6. Nd5 b6 7. Bb4 Qc6 8. Bb5 Qb7 9. Nf3 a6 10. Bd3 Nc6 11. Bc3 Bxc3+ 12. bxc3 e6 13. O-O exd5 14. exd5 Nd8 15. Re1+ Kf8 16. Qe2 Nf6 17. Qe7+ Kg7 18. c4 Qc7 19. Ng5 Qc5 20. Qxc5 bxc5 21. Rab1 Re8 22. Rxe8 Nxe8 23. Ne4 d6 24. Rb6 Bf5 25. Nxd6 Nxd6 26. Rxd6 Bxd3 27. cxd3 Kf8 28. g4 Ke7 29. Rb6 Kd7 30. Kg2 Kc7 31. Rf6 Rb8 32. Rxa6 Rb2 33. Ra7+ Nb7 34. a4 Rb3 35. a5 Kb8 36. Ra6 Rxd3 37. Rb6 Kc7 38. Rf6 Nd6 39. h4 Ra3 40. h5 Rxa5 41. h6 Ra4 42. Rf4 Rxc4 0-1


[Site "https://www.chess.com"]

[Event "Titled Tuesday Blitz April 19 Early 2022"]
[White "Grischuk, Alexander"]
[Black "Kobo, Ori"]
[WhiteFideId "4126025"]
[BlackFideId "2812320"]
[WhiteElo "2762"]
[BlackElo "2420"]
[Result "1-0"]
[Round "09"]
[TimeControl "180+1"]
[Date "2022.04.19"]
[WhiteClock "0:00:08"]
[BlackClock "0:00:04"]

1. d4 Nf6 2. c4 g6 3. Bg5 Bg7 4. Nc3 d6 5. e4 O-O 6. Qd2 c5 7. d5 a6 8. a4 e6 9. Bd3 exd5 10. cxd5 Qa5 11. Ra3 Nbd7 12. Nf3 Re8 13. O-O Ng4 14. Be2 Qb4 15. Qc2 h6 16. Bd2 c4 17. a5 Nge5 18. Nxe5 Nxe5 19. Na4 Qb5 20. Nb6 Rb8 21. b3 Qc5 22. b4 Qc7 23. Rc1 Qe7 24. Bxc4 Bd7 25. Bf1 g5 26. Rc3 Bb5 27. Rc7 Qf6 28. Bc3 Qf4 29. Bxb5 axb5 30. Bxe5 Bxe5 31. g3 Qf3 32. Rd1 Bg7 33. Qd3 Qxd3 34. Rxd3 Rxe4 35. Rf3 Rf8 36. Rxb7 Rxb4 37. a6 Rb1+ 38. Kg2 Ra1 39. a7 b4 40. a8=Q Rfxa8 41. Nxa8 Rxa8 42. Rfxf7 Be5 43. Rfd7 1-0


[Site "https://www.chess.com"]

[Event "Titled Tuesday Blitz April 19 Early 2022"]
[White "Gu, Xiaobing"]
[Black "Papp, Petra"]
[WhiteFideId "8602611"]
[BlackFideId "739049"]
[WhiteElo "2174"]
[BlackElo "2259"]
[Result "0-1"]
[Round "09"]
[TimeControl "180+1"]
[Date "2022.04.19"]
[WhiteClock "0:00:04"]
[BlackClock "0:00:19"]

1. e4 c6 2. d4 d5 3. exd5 cxd5 4. Nf3 Nc6 5. c3 Bg4 6. h3 Bh5 7. Bb5 Nf6 8. g4 Bg6 9. Ne5 Rc8 10. Qa4 Qb6 11. Nd2 e6 12. Ndf3 Bd6 13. Bf4 Ne4 14. Nxg6 hxg6 15. Bxd6 Nxd6 16. Bd3 Qxb2 17. O-O Qxc3 18. Ne5 Qxd4 19. Qxd4 Nxd4 20. Rab1 Rxh3 21. Kg2 Rh8 22. Rfd1 Nc6 23. Nf3 Ke7 24. Re1 b6 25. Rbd1 Nb4 26. Bb1 a5 27. a3 Na6 28. Rd2 Nc5 29. Rxd5 Nd7 30. Nd4 Nf6 31. Rde5 Nxg4 32. R5e2 Rc4 33. Nxe6 fxe6 34. Rxe6+ Kd7 35. Rxg6 Rd4 36. Rxg7+ Kc6 37. Rc1+ Kb5 38. Rg5+ Ka6 39. Rc6 Nf6 40. Rg6 Rf8 41. Ba2 Rd2 42. Bb3 Nfe4 43. Kh3 Nxf2+ 44. Kh4 Nfe4 45. Be6 Rh2+ 46. Bh3 Rf3 47. Rgxd6 Rhxh3+ 48. Kg4 Nxd6 49. Rxd6 Rxa3 0-1


[Site "https://www.chess.com"]

[Event "Titled Tuesday Blitz April 19 Early 2022"]
[White "Hernandez Bermudez, Ulises Eduardo"]
[Black "Zaksaite, Salomeja"]
[WhiteFideId "3902510"]
[BlackFideId "12801496"]
[WhiteElo "2056"]
[BlackElo "1953"]
[Result "0-1"]
[Round "09"]
[TimeControl "180+1"]
[Date "2022.04.19"]
[WhiteClock "0:02:06"]
[BlackClock "0:00:28"]

1. e4 c5 2. c3 Nf6 3. e5 Nd5 4. d4 cxd4 5. Qxd4 e6 6. Nf3 Nc6 7. Qe4 f5 8. Qe2 h6 9. g3 g5 10. Nxg5 hxg5 11. Bg2 Bg7 12. O-O Qe7 13. Nd2 b6 14. Nc4 Ba6 15. Nd6+ Qxd6 16. Qxa6 Nxe5 17. Bxg5 O-O 18. Rad1 Qc5 19. Bxd5 exd5 20. Qb7 Nf3+ 21. Kg2 Nxg5 22. Rxd5 Qc6 23. Qxd7 Qxd7 24. Rxd7 f4 25. Rfd1 f3+ 26. Kf1 Rae8 27. Rxa7 Re2 28. Rdd7 Bf6 29. h4 Ne4 30. h5 Rxf2+ 31. Kg1 Rg2+ 32. Kf1 Nxg3+ 0-1


[Site "https://www.chess.com"]

[Event "Titled Tuesday Blitz April 19 Early 2022"]
[White "Ianov, Viktor"]
[Black "Donchenko, Alexander"]
[WhiteFideId "14102730"]
[BlackFideId "24603295"]
[WhiteElo "2161"]
[BlackElo "2539"]
[Result "0-1"]
[Round "09"]
[TimeControl "180+1"]
[Date "2022.04.19"]
[WhiteClock "0:00:01"]
[BlackClock "0:00:38"]

1. Nf3 Nf6 2. g3 b5 3. Bg2 Bb7 4. Na3 a6 5. c4 e6 6. b3 Bxa3 7. Bxa3 d6 8. O-O O-O 9. Qc2 Nbd7 10. Rac1 Qe7 11. Rfd1 e5 12. d3 c5 13. Bb2 h6 14. a4 b4 15. e4 Ne8 16. Nh4 g6 17. Rf1 Nc7 18. Rce1 Ne6 19. Bc1 Kh7 20. Qd2 Qg5 21. Qd1 Qf6 22. Qd2 Qg7 23. f4 exf4 24. gxf4 Nd4 25. Qd1 f5 26. Kh1 Rae8 27. Rg1 fxe4 28. dxe4 Nf6 29. f5 g5 30. Ng6 Rg8 31. Qd3 Bc6 32. Bb2 Qb7 33. Bxd4 cxd4 34. e5 dxe5 35. Nxe5 Bxg2+ 36. Rxg2 Re7 37. Qxd4 Rge8 38. Kg1 Qc7 39. Rge2 Rd8 40. Qb2 Qc5+ 41. Kg2 Rde8 42. Nd3 Rxe2+ 43. Rxe2 Rxe2+ 44. Qxe2 Qxf5 45. Qe7+ Kg6 46. Ne5+ Kh5 47. Qf7+ Kh4 48. Nf3+ Kg4 49. h3+ Kf4 50. Qc7+ Ke4 51. Qc6+ Ke3 52. Qb6+ Kd3 0-1


[Site "https://www.chess.com"]